 Dungeon Crawl Stone Soup version 0.27-a0-1365-ge71e8f7681 (webtiles) character file.

Game seed: 12943549714741863516

14103 HAL9000 the Fighter (level 11, -10/97 HPs)
             Began as a Green Draconian Transmuter on June 28, 2021.
             Was a Priest of Kikubaaqudgha.
             Mangled by a black mamba (14 damage)
             ... on level 2 of the Lair of Beasts.
             The game lasted 00:36:07 (19329 turns).

HAL9000 the Fighter (Green Draconian Transmuter)   Turns: 19329, Time: 00:36:07

Health: -10/97     AC:  6    Str: 15    XL:     11   Next: 84%
Magic:  17/21      EV: 23    Int: 14    God:    Kikubaaqudgha [***...]
Gold:   661        SH:  5    Dex: 17    Spells: 1/24 levels left

rFire    . . .     SeeInvis .     - Unarmed
rCold    . . .     Faith    .   (shield currently unavailable)
rNeg     + . .     Spirit   .   (armour unavailable)
rPois    x         Reflect  +   (helmet currently unavailable)
rElec    .         Harm     .   (cloak currently unavailable)
rCorr    .         Rampage  .   (gloves currently unavailable)
Will     .....                  (boots currently unavailable)
Stlth    ++........             o - amulet of reflection
HPRegen  0.26/turn              t - ring of positive energy
MPRegen  0.17/turn              x - +4 ring of protection

@: spider-form
A: venomous fangs, (breathe noxious fumes), AC +7, tiny, unfitting armour,
(poison resistance), (cold-blooded)
a: End Transformation, Renounce Religion, Receive Corpses


You were on level 2 of the Lair of Beasts.
You worshipped Kikubaaqudgha.
Kikubaaqudgha was most pleased with you.
You were a venomous arachnid creature.
You visited 3 branches of the dungeon, and saw 14 of its levels.

You collected 661 gold pieces.

Inventory:

Hand Weapons
 A - the +6 falchion of the Blind Eye {flame, Fly}
   (You found it on level 10 of the Dungeon)

   It has been specially enchanted to burn those struck by it, causing extra
   injury to most foes and up to half again as much damage against particularly
   susceptible opponents.
   Big, fiery blades are also staple armaments of hydra-hunters.
   Fly:       It grants you flight.
Missiles
 i - a throwing net
 u - 6 boomerangs
 y - 16 curare-tipped darts
 z - 5 boomerangs of dispersal
Armour
 c - a +0 pair of boots (melded)
Magical Staves
 D - a staff of death
Jewellery
 o - an amulet of reflection (around neck)
 t - a ring of positive energy (left front leg)
 x - a +4 ring of protection (right front leg)
 E - a ring of resist corrosion
Wands
 v - a wand of iceblast (13)
 C - a wand of mindburst (14)
 I - a wand of flame (16)
Scrolls
 b - 3 scrolls of enchant armour {unknown}
 d - 2 scrolls of noise {unknown}
 e - 9 scrolls of teleportation {unknown}
 f - 2 scrolls of vulnerability
 k - 2 scrolls of enchant weapon
 n - a scroll of fear
 p - 2 scrolls of blinking
 r - 2 scrolls of amnesia
 B - a scroll of brand weapon {unknown}
 F - 4 scrolls of magic mapping {unknown}
 G - 2 scrolls of identify
Potions
 a - 2 potions of brilliance
 g - a potion of cancellation
 h - 4 potions of flight
 j - 4 potions of attraction
 l - a potion of resistance
 m - 3 potions of curing
 q - a potion of mutation
 w - 6 potions of heal wounds
 H - 2 potions of might {unknown}
Miscellaneous
 s - a box of beasts


   Skills:
 - Level 9.1 Fighting
 - Level 6.0 Dodging
 - Level 9.0 Unarmed Combat
 - Level 7.0 Spellcasting
 + Level 8.2 Necromancy
 - Level 9.0 Transmutations


You had one spell level left.
You knew the following spells:

 Your Spells              Type           Power      Damage    Failure   Level
a - Borgnjor's Vile Clut  Necr/Erth      8%         N/A       78%         5
b - Spider Form           Tmut/Pois      8%         N/A       19%         3
c - Wereblood             Tmut           30%        N/A       3%          2
d - Vampiric Draining     Necr           14%        2d8       6%          3
e - Animate Dead          Necr           14%        N/A       14%         4
f - Death Channel         Necr           14%        N/A       78%         6

Your spell library contained the following spells:

 Spells                   Type           Power      Damage    Failure   Level
 Beastly Appendage        Tmut           60%        N/A       3%          1
 Pain                     Necr           100%       1d9       3%          1
 Apportation              Tloc           8%         N/A       32%         1
 Freeze                   Ice            16%        1d4       32%         1
 Sublimation of Blood     Necr           14%        N/A       4%          2
 Corpse Rot               Necr/Air       N/A        N/A       13%         2
 Dispel Undead            Necr           28%        3d13      14%         4
 Ignite Poison            Fire/Tmut/Pois 13%        N/A       28%         3
 Excruciating Wounds      Necr           14%        N/A       30%         5
 Ensorcelled Hibernation  Hex/Ice        8%         N/A       43%         2
 Poisonous Vapours        Pois/Air       8%         N/A       43%         2
 Ice Form                 Ice/Tmut       17%        N/A       43%         4
 Frozen Ramparts          Ice            8%         1d2       61%         3
 Lesser Beckoning         Tloc           2%         N/A       61%         3
 Ozocubu's Armour         Ice            4%         N/A       61%         3
 Tukima's Dance           Hex            4%         N/A       61%         3
 Alistair's Intoxication  Tmut/Pois      11%        N/A       73%         5
 Hailstorm                Conj/Ice       4%         3d4       92%         4
 Fireball                 Conj/Fire      2%         3d4       99%         5
 Freezing Cloud           Conj/Ice/Air   2%         6-21      99%         5
 Metabolic Englaciation   Hex/Ice        2%         N/A       99%         5
 Invisibility             Hex            2%         N/A       100%        6
 Starburst                Conj/Fire      2%         8x6d3     100%        6
 Ignition                 Fire           2%         3d3       100%        8


Dungeon Overview and Level Annotations

Branches:
Dungeon (11/15)            Temple (1/1) D:4            Lair (2/6) D:11
 Shoals (0/4) Lair:2        Snake (0/4) Lair:2
    Orc: D:9-12

Altars:
Ashenzari
Cheibriados
Dithmenos
Elyvilon
Fedhas
Gozag
Hepliaklqana
Kikubaaqudgha
Makhleb
Nemelex Xobeh
Okawaru
Qazlal
Ru
Sif Muna
Trog
Uskayaw
Vehumet
Wu Jian
Xom
Yredelemnul
Zin
The Shining One
Beogh

Shops:
D:2 (

Annotations:
D:5 3 runed translucent doors, Froggeryz's ghost, novice PaAK
D:6 4 runed translucent doors
D:11 3 runed translucent doors, BlueGoblin's ghost, novice DgCj; Delamore's ghost, journeyman FoFi; MordorOrchid's ghost, journeyman SpEE; philipeq's ghost, journeyman DsFi
Lair:1 exclusion: 2 oklob plants
Lair:2 Fannar


Innate Abilities, Weirdness & Mutations

You are a venomous arachnid creature.
You have poisonous fangs.
You are tiny and dextrous.
Your spellcasting is less reliable in this form.
Your armour is entirely melded.
You are incapable of wielding weapons or throwing items.
((You can breathe blasts of noxious fumes.))
((Your lurid green scales are hard. (AC +7)))
You cannot fit into any form of body armour.
((Your system is resistant to poisons. (rPois)))
((You are cold-blooded and may be slowed by cold attacks.))


Message History

You block the black mamba's attack. The black mamba completely misses you.
The black mamba bites you. You block the black mamba's attack.
Your magical contamination has completely faded away.
The black mamba closely misses you. You block the black mamba's attack.
The black mamba closely misses you. The black mamba barely misses you.
Casting: Spider Form (dangerous; 7% risk of failure)
Confirm with . or Enter, or press ? or * to list all spells.
You turn into a venomous arachnid creature.
Your +0 pair of boots melds into your body.
The black mamba completely misses you. The black mamba barely misses you.
You barely miss the black mamba. The black mamba closely misses you.
Unknown command.
You hit the black mamba.
The black mamba is lightly wounded.
You block the black mamba's attack.
You hit the black mamba but do no damage.
The black mamba is lightly wounded.
The black mamba completely misses you.
The snapping turtle bites you from afar!
* * * LOW HITPOINT WARNING * * *
The black mamba completely misses you.
You closely miss the black mamba.
The black mamba is lightly wounded.
You block the black mamba's attack.
The snapping turtle bites you from afar!
* * * LOW HITPOINT WARNING * * *
You bite the black mamba!
The black mamba is moderately wounded.
You block the black mamba's attack. The black mamba barely misses you.
The snapping turtle bites you from afar!
* * * LOW HITPOINT WARNING * * *
The black mamba misses you. The black mamba completely misses you.
The black mamba bites you!
You die...
Kikubaaqudgha rasps: "You have failed me!
Welcome... death!"

....#...#..ePPP...#
.......##....<..S.#
........#...PPP...##. # #######
....#..##.P.P..P..##.P####.....#
..###.t###....P..###..##.......##
#####...###.....####...........P#
# #.#..###########.......>...<.#
###...###.##.#...#............
###....t..Ss................
##..####P................. ####
##.................
##..##............
##.#.............
#..#............ ##.##..........#
#..###.......## ##..####....##


You could see a snapping turtle and a black mamba.

Vanquished Creatures
  A hydra (D:11)
  A boulder beetle (Lair:1)
  A two-headed ogre (D:8)
  A necromancer (D:10)
  A cyclops (D:6)
  4 cane toads
  A black mamba (Lair:2)
  An unseen horror (D:10)
  2 komodo dragons
  A hornet (D:9)
  Sigmund (D:2)
  14 yaks
  A shadow (D:11)
  A wraith (D:11)
  A steam dragon (D:6)
  Menkaure (D:4)
  Edmund (D:4)
  5 water moccasins
  2 acid dragons (D:9)
  5 orc warriors
  A hornet zombie (D:9)
  An ice beast (D:8)
  A sky beast (D:6)
  A black bear (D:6)
  2 ogres (D:4)
  4 wolves (Lair:1)
  7 centaurs
  7 bullfrogs
  2 kobold brigands
  A gnoll sergeant (D:11)
  A wyvern zombie (D:6)
  2 scorpions (D:6)
  A water moccasin zombie (D:5)
  A wyvern skeleton (D:6)
  9 killer bees
  8 wights
  A howler monkey (D:4)
  2 centaur zombies (D:10)
  4 hounds
  2 bullfrog skeletons
  2 gnoll shamans (D:8)
  6 orc priests
  3 jellies
  A centaur skeleton (D:7)
  A scorpion zombie (D:5)
  An iguana (D:6)
  5 orc wizards
  A killer bee zombie (D:6)
  2 howler monkey zombies
  Robin (D:4)
  18 gnolls
  9 adders
  A howler monkey skeleton (D:5)
  An ufetubus (D:5)
  3 worms (D:2)
  A dart slug (D:2)
  24 orcs
  7 endoplasms
  5 giant cockroaches
  9 hobgoblins
  9 jackals
  13 kobolds
  4 quokkas
  5 ball pythons
  5 bats
  3 frilled lizards
  17 goblins
  5 rats
266 creatures vanquished.

Vanquished Creatures (collateral kills)
  3 yaks (Lair:2)
  A wolf (Lair:1)
4 creatures vanquished.

Vanquished Creatures (others)
  A centaur (D:11)
  5 fungi
  11 plants
  2 withered plants (D:11)
19 creatures vanquished.

Grand Total: 289 creatures vanquished

Notes
Turn   | Place    | Note
-------+----------+-------------------------------------------
     0 | D:1      | HAL9000 the Draconian Transmuter began the quest for the
                  | Orb.
     0 | D:1      | Reached XP level 1. HP: 16/16 MP: 3/3
   193 | D:1      | Reached XP level 2. HP: 10/23 MP: 5/5
  1034 | D:1      | Reached XP level 3. HP: 27/28 MP: 6/6
  1261 | D:2      | Noticed Sigmund
  1315 | D:2      | Found Zinyhoy's Antique Weapon Shoppe.
  1322 | D:1      | Learned a level 3 spell: Spider Form
  1429 | D:2      | Reached XP level 4. HP: 36/36 MP: 4/7
  1465 | D:2      | Found a radiant altar of Vehumet.
  1479 | D:2      | Found a faded altar of an unknown god.
  1513 | D:2      | Killed Sigmund
  1514 | D:2      | Reached skill level 5 in Transmutations
  1514 | D:2      | Reached XP level 5. HP: 41/41 MP: 5/8
  1597 | D:2      | Learned a level 2 spell: Wereblood
  2106 | D:3      | Reached XP level 6. HP: 47/50 MP: 7/9
  3943 | D:4      | Noticed Edmund
  3966 | D:4      | Killed Edmund
  3967 | D:4      | Your scales start taking on a lurid green colour.
  3967 | D:4      | Reached XP level 7. HP: 50/57 MP: 5/10
  3967 | D:4      | Gained mutation: Your system is resistant to poisons.
                  | (rPois) [Green Draconian growth]
  4144 | D:4      | Noticed Robin
  4164 | D:4      | Killed Robin
  4432 | D:4      | Found a white marble altar of Elyvilon.
  4433 | D:4      | Found a shadowy altar of Dithmenos.
  4717 | D:4      | Found a sparkling altar of Nemelex Xobeh.
  4857 | D:4      | Found a staircase to the Ecumenical Temple.
  4863 | Temple   | Entered the Ecumenical Temple
  4947 | Temple   | Became a worshipper of Kikubaaqudgha
  5041 | D:5      | Entered Level 5 of the Dungeon
  5041 | D:5      | Noticed Menkaure
  5102 | D:4      | Killed Menkaure
  5678 | D:5      | Identified the +4 whip "Segahula" {flame, Will+ Int+4
                  | Dex+2}
  5680 | D:5      | Found a runed translucent gate.
  5680 | D:5      | Noticed Froggeryz's ghost (novice PaAK)
  5682 | D:5      | Found a runed translucent gate.
  5683 | D:5      | Found a runed translucent gate.
  6292 | D:5      | Reached XP level 8. HP: 49/66 MP: 11/11
  6678 | D:5      | Found an ornate altar of the Wu Jian Council.
  7640 | D:6      | Found a hazy altar of Hepliaklqana.
  8084 | D:6      | Reached skill level 5 in Unarmed Combat
  8256 | D:6      | Found the ring of the Octopus King
  8260 | D:6      | Noticed a two-headed ogre
  8260 | D:6      | Noticed a six-headed hydra
  8261 | D:6      | Found a large runed translucent door.
  8262 | D:6      | Found a large runed translucent door.
  8263 | D:6      | Found a large runed translucent door.
  8263 | D:6      | Found a large runed translucent door.
  8415 | D:6      | Reached skill level 5 in Fighting
  8416 | D:6      | Noticed a cyclops
  8429 | D:6      | Killed a cyclops
  8429 | D:6      | Reached * piety under Kikubaaqudgha
  8429 | D:6      | Received a gift from Kikubaaqudgha
  8430 | D:6      | Reached XP level 9. HP: 49/74 MP: 10/12
  9310 | D:7      | Found a bloodstained altar of Trog.
 11132 | D:7      | Found a snail-covered altar of Cheibriados.
 11241 | D:8      | Learned a level 3 spell: Vampiric Draining
 11288 | D:8      | Noticed a two-headed ogre
 11302 | D:8      | Killed a two-headed ogre
 11316 | D:8      | Reached XP level 10. HP: 66/86 MP: 13/13
 11726 | D:8      | Reached ** piety under Kikubaaqudgha
 11992 | D:8      | Reached skill level 5 in Dodging
 12717 | D:9      | Found a broken altar of Ashenzari.
 12918 | D:9      | Reached *** piety under Kikubaaqudgha
 12918 | D:9      | Received a gift from Kikubaaqudgha
 12935 | D:9      | Learned a level 4 spell: Animate Dead
 13076 | D:9      | Reached skill level 1 in Necromancy
 13706 | D:9      | Found a blossoming altar of Fedhas.
 13718 | D:9      | Found a shimmering blue altar of Sif Muna.
 13806 | D:10     | Entered Level 10 of the Dungeon
 13890 | D:10     | Identified the +6 falchion of the Blind Eye {flame, Fly}
 14753 | D:10     | Reached XP level 11. HP: 91/97 MP: 12/16
 14822 | D:10     | Noticed a necromancer
 14834 | D:10     | Killed a necromancer
 14835 | D:10     | Reached skill level 5 in Necromancy
 14838 | D:10     | Got the Compendium of Freezing Intoxication
 15049 | D:11     | Noticed a four-headed hydra
 15083 | D:11     | Killed a four-headed hydra
 15528 | D:11     | Found a runed translucent gate.
 15529 | D:11     | Found a runed translucent gate.
 15530 | D:11     | Found a runed translucent gate.
 15531 | D:11     | Noticed Delamore's ghost (journeyman FoFi)
 15531 | D:11     | Noticed philipeq's ghost (journeyman DsFi)
 15532 | D:11     | Noticed MordorOrchid's ghost (journeyman SpEE)
 15532 | D:11     | Noticed BlueGoblin's ghost (novice DgCj)
 15741 | D:11     | Found a staircase to the Lair.
 16493 | Lair:1   | Entered Level 1 of the Lair of Beasts
 16499 | Lair:1   | Noticed an oklob plant
 16543 | Lair:1   | Reached skill level 5 in Spellcasting
 17296 | Lair:1   | Noticed a boulder beetle
 17307 | Lair:1   | Killed a boulder beetle
 18181 | Lair:1   | Noticed an oklob plant
 18331 | Lair:2   | Noticed Fannar
 18396 | Lair:2   | Found a staircase to the Snake Pit.
 18502 | Lair:2   | Learned a level 5 spell: Borgnjor's Vile Clutch
 18509 | Lair:2   | Learned a level 6 spell: Death Channel
 19290 | Lair:2   | Found a staircase to the Shoals.
 19325 | Lair:2   | HP: 3/97 [snapping turtle (7)]
 19329 | Lair:2   | Mangled by a black mamba

Illustrated notes

Levels and vault maps discovered:
D:1:      dpeg_arrival_circle_labyrinth_c, layout_rooms, lemuel_flame_loot_1
D:2:      layout_rooms, basic_altar, serial_shops, nicolae_shop_stone,
          basic_ecumenical_altar, uniq_sigmund
D:3:      layout_basic
D:4:      layout_cave_pods, nemelex_dance_club_becter,
          gammafunk_temple_overflow_pools, minmay_temple_entry_enclosed_plants,
          kennysheep_generic_room_15, uniq_robin, uniq_edmund
D:5:      layout_loops_ring, pdpol_wu_jian_five_deadly_venoms,
          biasface_ghost_orc_armoury, uniq_menkaure
D:6:      layout_basic, lemuel_tele_altar, minmay_hollow_rounded_squares
D:7:      layout_gridville, old_standard_altar, nicolae_overflow_crystal_walls,
          serial_glass, glass_columns_c, glass_columns_b
D:8:      layout_loops_ring, minmay_misc_feat_alley
D:9:      layout_loops_corners, marbit_many_paths, kennysheep_mini_moat,
          general_overflow_altar
D:10:     wad_pebble_path, layout_irregular_city, minmay_librarian
D:11:     layout_stronghold, david_lair_shrubbed, gammafunk_ghost_cemetery,
          minmay_rotating_lava
Temple:   nicolae_temple_hex_pool
Lair:1:   layout_hall_layers, nzn_sisyphean_effort, minmay_lair_oklob_chamber
Lair:2:   layout_cave_pods, minmay_shoals_entry_hut,
          minmay_snake_entry_guardpost_small, cheibrodos_lair_reptile_den,
          uniq_fannar

Skill      XL: |  1  2  3  4  5  6  7  8  9 10 11 |
---------------+----------------------------------+-----
Transmutations | 3 4 5 6 7 8 9 |  9.0
Fighting       | 2 3 5 7 9 |  9.1
Unarmed Combat | 7 9 |  9.0
Dodging        | 3 6 |  6.0
Necromancy     | 4 8 |  8.2
Spellcasting   | 3 7 |  7.0

Action                   |  1- 3 |  4- 6 |  7- 9 | 10-12 || total
-------------------------+-------+-------+-------+-------++-------
Melee: Unarmed           |   109 |   169 |   451 |   469 ||  1198
       Tailslap          |     9 |    15 |    38 |    11 ||    73
       Kick              |     7 |     3 |     1 |       ||    11
       Headbutt          |     2 |     2 |     1 |       ||     5
       Punch             |       |     1 |     3 |     3 ||     7
 Cast: Beastly Appendage |    10 |     4 |     5 |       ||    19
       Spider Form       |     2 |    10 |    26 |    38 ||    76
       Wereblood         |       |     3 |       |       ||     3
       Animate Dead      |       |       |       |     4 ||     4
Invok: Receive Corpses   |       |       |       |     3 ||     3
 Abil: Breathe Noxious F |       |       |    12 |    11 ||    23
       End Transformatio |       |       |       |     1 ||     1
  Use: Scroll            |       |       |       |    14 ||    14
       Potion            |       |       |       |     1 ||     1
 Stab: Confused          |       |       |    10 |     3 ||    13
       Sleeping          |       |       |     4 |       ||     4
       Distracted        |       |       |       |     1 ||     1
Armor: Skin              |    43 |    24 |    58 |    95 ||   220
Dodge: Dodged            |    97 |   110 |   257 |   434 ||   898
Block: Other             |       |       |    66 |   132 ||   198
       Reflection        |       |       |       |     4 ||     4

Table legend: (Time is in decaauts)
 A = Elapsed time spent in this place.
 B = Non-inter-level travel time spent in this place.
 C = Inter-level travel time spent in this place.
 D = Time resting spent in this place.
 E = Time spent auto-exploring this place.
 F = Levels seen in this place.
 G = Mean time per level.
                   A        B        C        D        E       F      G
               +--------+--------+--------+--------+--------+-----+--------+
         Total |  19215 |  18693 |    522 |   5519 |  10436 |  14 | 1372.5 |
       Dungeon |  16281 |  15853 |    428 |   4347 |   9132 |  11 | 1480.1 |
        Temple |    114 |     84 |     30 |      0 |     71 |   1 |  114.0 |
          Lair |   2819 |   2755 |     64 |   1172 |   1233 |   2 | 1409.5 |
               +--------+--------+--------+--------+--------+-----+--------+

Top non-repeatable levels by time:
     D:6: 2444 daAuts
     D:4: 2015 daAuts
  Lair:1: 1873 daAuts
     D:7: 1831 daAuts
     D:5: 1494 daAuts
    D:11: 1488 daAuts
     D:1: 1384 daAuts
     D:9: 1357 daAuts
     D:2: 1209 daAuts
    D:10: 1177 daAuts
     D:3: 980 daAuts
  Lair:2: 946 daAuts
     D:8: 897 daAuts
  Temple: 114 daAuts
